 Dungeon Crawl Stone Soup version 0.28.0-49-g6dfe1f597d (webtiles) character file.

Game seed: 16980250510409484974

35892 Gabide the Thaumaturge (level 14, -9/103 HPs)
             Began as a Djinni Fire Elementalist on May 15, 2022.
             Was a Plaything of Xom.
             Killed by divine providence
             ... invoked by a meliai
              (14 damage)
             ... on level 15 of the Dungeon on May 16, 2022.
             The game lasted 01:20:14 (23941 turns).

Gabide the Thaumaturge (Djinni Fire Elementalist)  Turns: 23941, Time: 01:20:16

Health: -9/103     AC: 19    Str:  7    XL:     14   Next: 20%
Gold:   1535       EV: 16    Int: 23    God:    Xom [....*.] SH:  0 Dex: 15

rFire   + + +      SeeInvis .   f - +3 Elemental Staff {rElec rF++ rC++ AC+5}
rCold   + . .      Faith    +   (no shield)
rNeg    . . .      Spirit   .   a - +4 leather armour of Tacob {+Inv rPois rCorr Stlth-}
rPois   ∞          Reflect  .   (helmet restricted)
rElec   +          Harm     .   D - +1 cloak
rCorr   +          Rampage  .   A - +2 pair of gloves
Will    +++..      Clarity  +   (boots unavailable)
Stlth   +.........              d - amulet of faith
HPRegen 0.27/turn               j - +4 ring of protection
MPRegen 0.00/turn               m - ring of wizardry

@: flying, very slightly contaminated, unable to read
A: sickness immunity, fire resistance 2, cold vulnerability 1, float, innate
caster, HP casting, extra vitality 1, horns 2, agile 1, clarity, deformed body,
strong-willed 2, subdued magic 2, inability to read while threatened
a: Renounce Religion, Evoke Invisibility


You were on level 15 of the Dungeon.
You worshipped Xom.
You were a beloved toy of Xom.
You visited 2 branches of the dungeon, and saw 16 of its levels.
You also visited: Ossuary.

You collected 1535 gold pieces.

Inventory:

Hand Weapons
 f - the +3 Elemental Staff (weapon) {rElec rF++ rC++ AC+5}
   (You acquired it on level 5 of the Dungeon)

   If the wielder is skilled in Evocations, they can discharge powerful blasts
   of elemental energy when striking with it.
   It enhances your fire, ice, earth and air magic.
   AC:        It affects your AC (+5).
   rF:        It greatly protects you from fire.
   rC:        It greatly protects you from cold.
   rElec:     It insulates you from electricity.
 t - a +2 bardiche of chaos
 u - the +8 falchion of Flawed Execution {drain, rF+ rC+ Str+4}
   (You found it on level 13 of the Dungeon)

   A truly terrible weapon, it drains the life of any living foe it strikes.
   Str:       It affects your strength (+4).
   rF:        It protects you from fire.
   rC:        It protects you from cold.
 x - a +3 trident of venom
 y - a +2 eveningstar of chaos
 L - a +0 arbalest
 M - a +5 trident of freezing
 N - the +8 Vampire's Tooth {vamp}
   (You took it off an efreet on level 14 of the Dungeon)

   It occasionally heals its wielder for the full amount of damage dealt when it
   wounds a living foe.
Missiles
 J - 3 throwing nets
Armour
 a - the +4 leather armour of Tacob (worn) {+Inv rPois rCorr Stlth-}
   (You found it on level 9 of the Dungeon)

   rPois:     It protects you from poison.
   +Inv:      It lets you turn invisible.
   rCorr:     It protects you from acid and corrosion.
   Stlth:     It makes you less stealthy.
 A - a +2 pair of gloves (worn)
 C - +0 steam dragon scales
 D - a +1 cloak (worn)
Jewellery
 d - an amulet of faith (around neck)
 j - a +4 ring of protection (left hand)
 k - a ring of positive energy
 m - a ring of wizardry (right hand)
Wands
 B - a wand of flame (26)
 F - a wand of iceblast (12)
 I - a wand of acid (12)
 K - a wand of digging (6)
Scrolls
 b - 13 scrolls of teleportation
 g - 3 scrolls of fog
 h - a scroll of silence
 i - 3 scrolls of noise
 w - 2 scrolls of fear
 G - a scroll of identify
 H - a scroll of magic mapping
Potions
 c - a potion of ambrosia
 e - a potion of magic
 l - 2 potions of curing
 n - 2 potions of attraction
 o - 2 potions of degeneration
 p - 2 potions of flight
 q - 2 potions of cancellation
 r - 2 potions of heal wounds
 s - 3 potions of brilliance
 v - 2 potions of lignification
 z - 2 potions of haste
 E - a potion of might


   Skills:
 - Level 10.1 Fighting
 - Level 6.0(8.1) Polearms
 * Level 9.2(10.1) Staves
 - Level 10.4 Dodging
 - Level 1.5 Stealth
 - Level 10.5 Spellcasting
 + Level 7.0 Evocations


You had one spell level left.
You knew the following spells:

 Your Spells              Type           Power      Damage    Failure   Level
a - Foxfire               Conj/Fire      100%       2x1d9     0%          1
b - Scorch                Fire           100%       2d10      1%          2
c - Conjure Flame         Conj/Fire      54%        6-21      1%          3
d - Inner Flame           Hex/Fire       54%        N/A       1%          3
e - Flame Wave            Conj/Fire      54%        2d11      1%          4
f - Slow                  Hex            100%       N/A       0%          1
g - Poisonous Vapours     Pois/Air       100%       N/A       1%          2
h - Portal Projectile     Hex/Tloc       74%        N/A       1%          3
i - Airstrike             Air            27%        N/A       1%          4
j - Irradiate             Conj/Tmut      18%        3d19      1%          5
k - Lightning Bolt        Conj/Air       27%        1d43      1%          5
Your spell library was empty.

Dungeon Overview and Level Annotations

Branches:
Dungeon (15/15)            Temple (1/1) D:7            Lair (0/6) D:8
    Orc (0/2) D:9          Vaults (0/5) D:13        Ossuary (visited)
 Depths: D:15

Altars:
Ashenzari
Cheibriados
Dithmenos
Elyvilon
Fedhas
Gozag
Hepliaklqana
Kikubaaqudgha
Makhleb
Nemelex Xobeh
Okawaru
Qazlal
Ru
Sif Muna
Trog
Uskayaw
Vehumet
Wu Jian
Xom
Yredelemnul
Zin
The Shining One

Shops:
D:9 (


Innate Abilities, Weirdness & Mutations

You are immune to sickness and miasma.
You are immune to poison.
Your flesh is very heat resistant. (rF++)
You are vulnerable to cold. (rC-)
You float through the air rather than walking.
You learn spells naturally, not from books.
Your magical power is your life essence.
You have superior vitality. (+4 MHP)
You have a pair of horns on your head.
You are agile. (Dex +2)
You possess an exceptional clarity of mind.
Armour fits poorly on your strangely shaped body.
You are highly strong-willed. (Will++)
Your spells are easier to cast, but less powerful.
You sometimes lose the ability to read scrolls when taking damage.


Message History

The air twists around and strikes the efreet but does no damage.
You are too injured to fight recklessly!
Casting: Airstrike (safe; 1% risk of failure)
Confirm with . or Enter, or press ? or * to list all spells.
Aiming: Lightning Bolt (mildly dangerous; 1% risk of failure)
Press: ? - help, Shift-Dir - straight line, f/p - efreet
Aim: an efreet, wielding a +3 scimitar of flaming and wearing a +0 robe (heavily wounded, 88% to hit)
You feel a surge of power!
You hear a mighty clap of thunder!
The bolt of lightning hits the efreet!!
You kill the efreet!
You start resting.
A meliai comes into view. It is wielding a +3 hand axe.
The meliai mumbles some strange prayers to its god against you.
Something smites you!
You are too injured to fight recklessly!
Aiming: Airstrike (safe; 1% risk of failure)
Press: ? - help, Q - select action, (/) - cycle Dir - move target, f - meliai
Aim: a meliai, wielding a +3 hand axe and wearing a +0 leather armour (empty space bonus: 2/8)
You feel a surge of power!
The air twists around and strikes the meliai!
The meliai is heavily wounded.
Aiming: Airstrike (safe; 1% risk of failure)
Press: ? - help, Q - select action, (/) - cycle Dir - move target, f/p - meliai
Aim: a meliai, wielding a +3 hand axe and wearing a +0 leather armour (heavily wounded, empty space bonus: 3/8)
You feel a surge of power!
The air twists around and strikes the meliai!
The meliai is almost dead.
* * * LOW HITPOINT WARNING * * *
The meliai calls down the wrath of its god upon you.
Something smites you!
You feel threatened and lose the ability to read scrolls!
* * * LOW HITPOINT WARNING * * *
The meliai calls down the wrath of its god upon you.
Something smites you!
* * * LOW HITPOINT WARNING * * *
Xom roars with laughter!
The meliai mumbles some strange prayers to its god against you.
Something smites you!
You die...

, * * ## .......
* * #. ....... #
# #. ...... *
#.##.#.#..... *
.....#.≈≈≈.# *
#.≈≈.......# * ,
#.≈≈...≈≈≈.#* *
≈..[...@[..#
≈.....).)..)...
,
#.≈≈≈.)≈≈y###..,
* #.÷.#....... ,
### #)######. *
*, * ,..,, .. ,
.#. ≈ .* * ,#.#.
, , ** , , * * ≈
,


You could see a meliai.

Vanquished Creatures
  Snorg (D:11)
  The ghost of Wiuvimyha the Spry, a journeyman FeCj of Vehumet (D:13)
  A boulder beetle (D:15)
  A rakshasa (D:13)
  2 hydras
  6 vault guards (D:13)
  A dancing weapon (D:13)
  2 centaur warriors (D:14)
  A two-headed ogre (D:10)
  A tengu warrior (D:13)
  Sonja (D:11)
  3 skeletal warriors (D:11)
  A deep troll (shapeshifter) (D:14)
  Pikel (D:6)
  A phantasmal warrior (D:11)
  3 deep elf pyromancers
  A cyclops (D:14)
  A manticore (D:12)
  Joseph (D:8)
  Maurice (D:8)
  2 unseen horrors
  Psyche (D:8)
  2 freezing wraiths
  3 efreet
  A komodo dragon (D:8)
  2 tengu conjurers (D:13)
  4 meliai (D:15)
  Grinder (D:3)
  5 trolls
  2 hornets
  A dream sheep (shapeshifter) (D:14)
  4 slime creatures (D:14)
  2 shadows
  A wraith (D:12)
  Sigmund (D:3)
  17 yaks
  2 wyverns
  2 steam dragons
  A hog (shapeshifter) (D:11)
  2 golden eyes (shapeshifter)
  A human (shapeshifter) (D:11)
  A basilisk (D:14)
  6 vampire mosquitoes (D:13)
  3 acid dragons
  2 water moccasins
  6 orc warriors
  2 black bears
  2 sky beasts (D:6)
  A black bear (shapeshifter) (D:13)
  2 necrophages
  5 boggarts (D:14)
  2 ogres
  16 centaurs
  3 lemures (D:6)
  A kobold brigand (D:7)
  A phantom (D:7)
  An elf zombie (Ossuary)
  3 bullfrogs
  A gnoll sergeant (D:8)
  A water moccasin skeleton (D:4)
  6 killer bees (D:10)
  8 wights
  An electric eel (D:15)
  8 centaur zombies
  2 bullfrog zombies
  9 orc priests
  A hound (D:4)
  3 jellies
  2 gnoll shamans
  A centaur skeleton (D:5)
  A human zombie (Ossuary)
  An iguana (D:6)
  Natasha (thrice) (D:2)
  13 orc wizards
  A killer bee zombie (D:7)
  4 mummies
  A howler monkey zombie (D:8)
  11 gnolls
  3 adders (D:2)
  A white imp (D:6)
  3 adder zombies (Ossuary)
  An adder skeleton (D:4)
  2 worms
  2 dart slugs
  43 orcs
  5 bats
  4 endoplasms
  2 giant cockroaches
  14 goblins
  4 hobgoblins
  3 jackals (D:1)
  3 quokkas
  5 ball pythons
  5 frilled lizards
  2 goblin zombies (Ossuary)
  10 hobgoblin zombies
  2 jackal zombies (Ossuary)
  22 kobolds
  7 kobold zombies (Ossuary)
  10 orc zombies (Ossuary)
  8 rats
  A rat zombie (Ossuary)
385 creatures vanquished.

Vanquished Creatures (collateral kills)
  A vault guard (D:13)
  A centaur warrior (D:13)
2 creatures vanquished.

Vanquished Creatures (others)
  An orc wizard (D:8)
  74 foxfires
  5 fungi (D:2)
  59 plants
  5 withered plants (D:15)
144 creatures vanquished.

Grand Total: 531 creatures vanquished

Notes
Turn   | Place    | Note
-------+----------+-------------------------------------------
     0 | D:1      | Gabide the Djinni Fire Elementalist began the quest for the
                  | Orb.
     0 | D:1      | Reached XP level 1. HP: 15/15 MP: 0/0
   224 | D:1      | Reached XP level 2. HP: 19/22 MP: 0/0
   388 | D:1      | Reached skill level 1 in Fighting
   797 | D:1      | Reached XP level 3. HP: 22/27 MP: 0/0
   797 | D:1      | Learned a level 1 spell: Slow
  1247 | D:2      | Found an ornate altar of the Wu Jian Council.
  1710 | D:2      | Reached XP level 4. HP: 31/33 MP: 0/0
  1911 | D:2      | Noticed Natasha
  1956 | D:2      | Killed Natasha
  2201 | D:2      | Noticed Natasha
  2204 | D:2      | Killed Natasha
  2205 | D:2      | Reached XP level 5. HP: 33/40 MP: 0/0
  2205 | D:2      | Learned a level 2 spell: Poisonous Vapours
  2623 | D:2      | Noticed Natasha
  2627 | D:2      | Killed Natasha
  2730 | D:2      | Found a faded altar of an unknown god.
  2907 | D:3      | Noticed Grinder
  2919 | D:3      | Killed Grinder
  2920 | D:3      | Reached XP level 6. HP: 28/46 MP: 0/0
  2920 | D:3      | Reached XP level 7. HP: 30/50 MP: 0/0
  2920 | D:3      | Learned a level 3 spell: Portal Projectile
  3106 | D:3      | Noticed Sigmund
  3144 | D:3      | Killed Sigmund
  5015 | D:4      | Reached XP level 8. HP: 48/58 MP: 0/0
  5651 | D:4      | Reached skill level 5 in Fighting
  6470 | D:5      | Entered Level 5 of the Dungeon
  6527 | D:5      | Reached XP level 9. HP: 61/65 MP: 0/0
  6527 | D:5      | Learned a level 4 spell: Airstrike
  6699 | D:5      | Found a sand-covered staircase.
  6705 | Ossuary  | Entered an ossuary
  6852 | Ossuary  | Reached skill level 5 in Spellcasting
  7203 | Ossuary  | Reached skill level 5 in Dodging
  7362 | D:5      | Found a glowing golden altar of the Shining One.
  7591 | D:5      | Found a hide-covered altar of Uskayaw.
  7933 | D:5      | Identified a scroll of acquirement
  7933 | D:5      | Acquired the +3 Elemental Staff {rElec rF++ rC++ AC+5}
  7933 | D:5      | Found the +3 Elemental Staff {rElec rF++ rC++ AC+5}
  8374 | D:6      | Noticed Pikel
  8380 | D:6      | Killed Pikel
  8381 | D:6      | Reached skill level 5 in Polearms
  8713 | D:6      | Reached XP level 10. HP: 65/73 MP: 0/0
  9561 | D:7      | Found a glowing silver altar of Zin.
  9564 | D:7      | Found a hazy altar of Hepliaklqana.
  9596 | D:7      | Found a staircase to the Ecumenical Temple.
  9613 | Temple   | Entered the Ecumenical Temple
  9840 | Temple   | Became a worshipper of Xom of Bone-Dry Humour
  9898 | D:7      | Found an ornate altar of the Wu Jian Council.
 10496 | D:7      | Found a shadowy altar of Dithmenos.
 10915 | D:8      | Noticed Psyche
 10919 | D:8      | Killed Psyche
 10968 | D:8      | XOM: 4-stop teleportation journey
 11273 | D:8      | XOM: silly message
 11405 | D:8      | XOM: cast spell 'Alistair's Intoxication'
 11438 | D:8      | Noticed Joseph
 11438 | D:8      | XOM: 1-stop teleportation journey
 11444 | D:8      | Killed Joseph
 11475 | D:8      | XOM: silly message
 11695 | D:8      | Noticed Maurice
 11698 | D:8      | XOM: silly message
 11702 | D:8      | Killed Maurice
 11902 | D:8      | XOM: divination: detect creatures
 11922 | D:8      | XOM: silly message
 11966 | D:8      | Found a staircase to the Lair.
 11966 | D:8      | Noticed a komodo dragon
 11966 | D:8      | XOM: 3-stop teleportation journey
 11983 | D:8      | Killed a komodo dragon
 11984 | D:8      | Reached XP level 11. HP: 59/80 MP: 0/0
 11984 | D:8      | Learned a level 5 spell: Irradiate
 12016 | D:8      | XOM: divination: magic mapping
 12104 | D:8      | XOM: silly message
 12601 | D:8      | XOM: noise
 12708 | D:9      | XOM: 9-stop teleportation journey
 12840 | D:9      | Found Odylijawi's Antique Weapon Shop.
 12976 | D:9      | Identified the +4 leather armour of Tacob {+Inv rPois rCorr
                  | Stlth-}
 13533 | D:9      | XOM: give mutations
 13533 | D:9      | Gained mutation: Armour fits poorly on your strangely
                  | shaped body. [Xom's mischief]
 13533 | D:9      | Gained mutation: You sometimes lose the ability to read
                  | scrolls when taking damage. [Xom's mischief]
 13533 | D:9      | Gained mutation: Your body sometimes deteriorates upon
                  | taking damage. [Xom's mischief]
 13533 | D:9      | Gained mutation: You have a pair of small horns on your
                  | head. [Xom's mischief]
 13627 | D:9      | Found a staircase to the Orcish Mines.
 13668 | D:10     | Entered Level 10 of the Dungeon
 13685 | D:10     | XOM: draining
 13757 | D:10     | XOM: chaos cloud
 14276 | D:10     | XOM: god gift: 51 gold pieces
 14280 | D:10     | XOM: enchant monster (bad)
 14650 | D:10     | Found a sparkling altar of Nemelex Xobeh.
 14743 | D:10     | Found a stormy altar of Qazlal.
 14781 | D:10     | Noticed a two-headed ogre
 14785 | D:10     | Killed a two-headed ogre
 15031 | D:10     | XOM: silly message
 15356 | D:10     | XOM: noise
 15451 | D:10     | Found a burning altar of Makhleb.
 15452 | D:10     | Noticed a balrug
 15619 | D:11     | XOM: enchant monster (bad)
 15728 | D:11     | XOM: silly message
 15764 | D:11     | XOM: divination: magic mapping
 15898 | D:11     | XOM: potion effect (curing)
 15900 | D:11     | Noticed a skeletal warrior
 15905 | D:11     | Noticed a death knight
 15906 | D:11     | Noticed a skeletal warrior
 15910 | D:11     | XOM: potion effect (invisibility)
 15917 | D:11     | XOM: potion effect (curing)
 15931 | D:11     | Killed a skeletal warrior
 15933 | D:11     | Noticed a skeletal warrior
 15934 | D:11     | a death knight changed into a shapeshifter
 15934 | D:11     | XOM: polymorph death knight -> shapeshifter
 15951 | D:11     | XOM: enchant monster (good)
 15958 | D:11     | XOM: potion effect (brilliance)
 16023 | D:11     | XOM: give mutations
 16023 | D:11     | Gained mutation: You passively map a small area around you.
                  | [Xom's grace]
 16023 | D:11     | Gained mutation: You have a pair of horns on your head.
                  | [Xom's grace]
 16023 | D:11     | Gained mutation: You are partially covered in iridescent
                  | scales. (AC +2) [Xom's grace]
 16320 | D:11     | Noticed a phantasmal warrior
 16325 | D:11     | Killed a phantasmal warrior
 16326 | D:11     | Reached XP level 12. HP: 46/89 MP: 0/0
 16432 | D:11     | XOM: destruction
 16437 | D:11     | Killed a skeletal warrior
 16542 | D:11     | XOM: 3-stop teleportation journey
 16921 | D:11     | XOM: scenery: create altars
 17035 | D:11     | XOM: god gift: 63 gold pieces
 17195 | D:11     | Noticed Sonja
 17199 | D:11     | Killed Sonja
 17327 | D:11     | Found a snail-covered altar of Cheibriados.
 17341 | D:11     | Noticed Snorg
 17343 | D:11     | XOM: 3-stop teleportation journey
 17398 | D:11     | Killed Snorg
 17601 | D:11     | XOM: god gift: scale mail {god gift}
 17603 | D:11     | XOM: scenery: 1 doors close
 17665 | D:11     | XOM: god gift: staff of air
 17774 | D:11     | XOM: 4-stop teleportation journey
 17783 | D:11     | Noticed Harold
 17793 | D:11     | Noticed Harold
 17793 | D:11     | Harold changed into Harold the salamander
 17793 | D:11     | XOM: polymorph Harold -> Harold the salamander
 17797 | D:11     | Noticed Harold
 17797 | D:11     | Harold the salamander changed into Harold the shapeshifter
 17797 | D:11     | XOM: polymorph Harold the salamander -> Harold the
                  | shapeshifter
 17797 | D:11     | Noticed Harold
 17797 | D:11     | Harold the shapeshifter changed into Harold the human
 17808 | D:11     | Killed Harold the human
 17924 | D:11     | XOM: god gift: 2 javelins
 18318 | D:11     | XOM: enchant monster (good)
 18325 | D:11     | Killed a skeletal warrior
 18326 | D:11     | Reached skill level 10 in Spellcasting
 18576 | D:12     | Reached skill level 10 in Dodging
 18619 | D:12     | XOM: give mutations
 18619 | D:12     | Gained mutation: You are strong-willed. (Will+) [Xom's
                  | grace]
 18619 | D:12     | Gained mutation: You have hidden genetic potential. [Xom's
                  | grace]
 18619 | D:12     | Gained mutation: You are highly strong-willed. (Will++)
                  | [Xom's grace]
 18619 | D:12     | Gained mutation: You have a pair of large horns on your
                  | head. [Xom's grace]
 18669 | D:12     | XOM: god gift: 30 gold pieces
 18692 | D:12     | Noticed an eight-headed hydra
 18697 | D:12     | Killed an eight-headed hydra
 18707 | D:12     | XOM: god gift: 388 gold pieces
 18849 | D:12     | XOM: god gift: 16 stones
 18853 | D:12     | XOM: god gift: flail {god gift}
 18977 | D:12     | XOM: give mutations
 18977 | D:12     | Gained mutation: You are partially covered in large bone
                  | plates. (SH +4) [Xom's grace]
 18977 | D:12     | Gained mutation: You possess an exceptional clarity of
                  | mind. [Xom's grace]
 18977 | D:12     | Gained mutation: You have a beak for a mouth. [Xom's grace]
 19054 | D:12     | Reached skill level 10 in Fighting
 19353 | D:12     | Lost mutation: You are partially covered in iridescent
                  | scales. (AC +2) [potion of mutation]
 19353 | D:12     | Lost mutation: You have a pair of large horns on your head.
                  | [potion of mutation]
 19353 | D:12     | Lost mutation: You are highly strong-willed. (Will++)
                  | [potion of mutation]
 19353 | D:12     | Gained mutation: You have sharp fingernails. [potion of
                  | mutation]
 19353 | D:12     | Gained mutation: You are highly strong-willed. (Will++)
                  | [potion of mutation]
 19361 | D:12     | XOM: 2-stop teleportation journey
 19500 | D:12     | XOM: scenery: 1 doors close
 19513 | D:12     | XOM: god gift: +1 plate armour of poison resistance
 19636 | D:12     | XOM: god gift: glowing eveningstar {god gift}
 20039 | D:12     | XOM: stat loss: -1 Str (6/7)
 20040 | D:12     | Lost mutation: You are partially covered in large bone
                  | plates. (SH +4) [potion of mutation]
 20040 | D:12     | Lost mutation: You have hidden genetic potential. [potion
                  | of mutation]
 20040 | D:12     | Gained mutation: Your muscles are strong. (Str +2) [potion
                  | of mutation]
 20041 | D:12     | Lost mutation: You have a beak for a mouth. [potion of
                  | mutation]
 20041 | D:12     | Lost mutation: Your muscles are strong. (Str +2) [potion of
                  | mutation]
 20042 | D:12     | Lost mutation: You have sharp fingernails. [potion of
                  | mutation]
 20042 | D:12     | Lost mutation: Your body sometimes deteriorates upon taking
                  | damage. [potion of mutation]
 20113 | D:13     | Noticed a rakshasa
 20115 | D:13     | Reached skill level 1 in Staves
 20124 | D:13     | Killed a rakshasa
 20125 | D:13     | Reached skill level 1 in Evocations
 20129 | D:13     | Reached XP level 13. HP: 40/96 MP: 0/0
 20129 | D:13     | Learned a level 5 spell: Lightning Bolt
 20212 | D:12     | XOM: summons 2 hostile shadow creatures
 20329 | D:13     | XOM: enchant monster (bad)
 20505 | D:13     | Found a runed translucent door.
 20505 | D:13     | Found a shimmering altar of Xom.
 20505 | D:13     | Noticed Wiuvimyha's ghost (journeyman FeCj)
 20795 | D:13     | Found a gate to the Vaults.
 20795 | D:13     | Noticed a vault guard
 20795 | D:13     | Noticed a vault guard
 20795 | D:13     | Noticed a vault guard
 20795 | D:13     | Noticed a vault guard
 20795 | D:13     | Noticed a vault guard
 20795 | D:13     | Noticed a vault guard
 20795 | D:13     | Noticed a vault guard
 20795 | D:13     | Noticed a vault guard
 20795 | D:13     | XOM: 3-stop teleportation journey
 20797 | D:13     | XOM: summons 3 friendly demons
 20798 | D:13     | XOM: divination: detect creatures
 20799 | D:13     | Killed a vault guard
 20800 | D:13     | Killed a vault guard
 20804 | D:13     | Killed a vault guard
 20805 | D:13     | Reached skill level 5 in Staves
 20810 | D:13     | Noticed a four-headed hydra
 20810 | D:13     | a vault guard changed into a four-headed hydra
 20810 | D:13     | XOM: polymorph vault guard -> four-headed hydra
 20811 | D:13     | XOM: scenery: create altars
 20812 | D:13     | Killed a vault guard
 20813 | D:13     | Killed a four-headed hydra
 20814 | D:13     | Killed a vault guard
 20814 | D:13     | Killed a vault guard
 20815 | D:13     | Killed a vault guard
 20816 | D:13     | Reached skill level 5 in Evocations
 20974 | D:13     | XOM: fog
 20978 | D:13     | XOM: summons friendly white imp
 21110 | D:13     | Noticed a centaur warrior
 21117 | D:13     | XOM: summons 9 friendly demons
 21126 | D:13     | Killed a centaur warrior
 21155 | D:13     | XOM: give mutations
 21155 | D:13     | Gained mutation: Your spells are a little harder to cast,
                  | but a little more powerful. [Xom's mischief]
 21155 | D:13     | Lost mutation: Your spells are a little harder to cast, but
                  | a little more powerful. [Xom's mischief]
 21155 | D:13     | Gained mutation: You are weak. (Str -2) [Xom's mischief]
 21155 | D:13     | Lost mutation: You are weak. (Str -2) [Xom's mischief]
 21270 | D:13     | XOM: cloud trail
 21304 | D:13     | XOM: stat loss: -1 Dex (12/13)
 21852 | D:13     | XOM: scenery: create altars
 21853 | D:13     | Killed Wiuvimyha's ghost
 21885 | D:13     | Identified the +8 falchion of Flawed Execution {drain, rF+
                  | rC+ Str+4}
 22148 | D:13     | XOM: give mutations
 22148 | D:13     | Gained mutation: You expend health (3 HP) to strengthen
                  | your wands. [Xom's grace]
 22148 | D:13     | Gained mutation: You are agile. (Dex +2) [Xom's grace]
 22185 | D:14     | Noticed a centaur warrior
 22186 | D:14     | Killed a centaur warrior
 22700 | D:14     | Noticed a centaur warrior
 22703 | D:14     | Killed a centaur warrior
 22907 | D:14     | XOM: 2-stop teleportation journey
 23055 | D:14     | Reached XP level 14. HP: 95/103 MP: 0/0
 23172 | D:14     | XOM: enchant monster (good)
 23460 | D:14     | XOM: scenery: create altars
 23673 | D:15     | Entered Level 15 of the Dungeon
 23776 | D:14     | XOM: give mutations
 23776 | D:14     | Lost mutation: You passively map a small area around you.
                  | [Xom's mischief]
 23776 | D:14     | Gained mutation: Your spells are a little easier to cast,
                  | but a little less powerful. [Xom's mischief]
 23776 | D:14     | Gained mutation: Your spells are easier to cast, but less
                  | powerful. [Xom's mischief]
 23776 | D:14     | Lost mutation: You expend health (3 HP) to strengthen your
                  | wands. [Xom's mischief]
 23941 | D:15     | HP: 5/103 [meliai/divine providence (15)]
 23941 | D:15     | Killed from afar by a meliai

Illustrated notes

Levels and vault maps discovered:
D:1:      scummos_arrival_hexagon, layout_rooms, serial_glass, glass_columns_c,
          glass_columns_c, glass_columns_b, glass_columns_a, chequers_big_river,
          corexii_leaking_fountain, minmay_misc_feat_more_columns, st_stairs_9
D:2:      kennysheep_big_flooded_room, layout_loops_ring, basic_altar,
          shapermc_ecumenical_altar_mp_ritualfount, lexackson_kobold_supper,
          uniq_natasha
D:3:      layout_basic, minmay_quantized, uniq_sigmund, uniq_grinder
D:4:      layout_loops_cross
D:5:      layout_loops_cross, amcnicky_altar_gilded, kennysheep_mini_moat,
          nicolae_ossuary_entry_giza
D:6:      layout_loops_cross, kennysheep_cross_bottleneck,
          serial_bayou_lagoon_a, uniq_pikel
D:7:      layout_basic, nicolae_wu_jian_immortal_techniques,
          mainiacjoe_overflow_six_doors_small,
          mainiacjoe_overflow_catwalk_spiral, temple_statues, st_stairs_8,
          serial_park_tiny_2
D:8:      layout_loops_ring, david_lair_shrubbed, serial_rivers,
          chequers_serial_rivers_room_b, chequers_serial_rivers_micro_c,
          chequers_serial_rivers_small_b, chequers_serial_rivers_small_b,
          enter_bailey_5, minmay_misc_feat_hallway, uniq_joseph, uniq_psyche,
          uniq_maurice
D:9:      layout_cave_pools, david_orc_4, serial_shops, shop,
          grunt_ministairs_14
D:10:     layout_irregular_city, mainiacjoe_overflow_alcove_1,
          mainiacjoe_overflow_chevrons, makhleb_altar_promises_db
D:11:     layout_basic, serial_curves, eino_curves_04, eino_curves_01,
          slow_altar_1, uniq_sonja, uniq_harold, uniq_snorg
D:12:     layout_stronghold
D:13:     layout_loops_ring, erik_vaults_2, ebering_ghost_xom
D:14:     layout_rooms, gauntlet_entry_generic
D:15:     gammafunk_depths_entry_grave, layout_basic, dk_noncrumbling_2,
          grunt_ministairs_4
Temple:   dshaligram_water_room_temple

Skill      XL: |  1  2  3  4  5  6  7  8  9 10 11 12 13 14 |
---------------+-------------------------------------------+-----
Fighting       | 1 3 4 5 6 7 9 10 | 10.1
Dodging        | 3 4 6 7 9 10 | 10.4
Spellcasting   | 3 4 6 7 9 10 | 10.5
Polearms       | 2 3 4 5 6 |  6.0
Staves         | 2 8 9 |  9.2
Evocations     | 1 6 7 |  7.0
Stealth        | |  1.5

Action                   |  1- 3 |  4- 6 |  7- 9 | 10-12 | 13-15 || total
-------------------------+-------+-------+-------+-------+-------++-------
Melee: Spear             |       |     1 |       |       |       ||     1
       Scythe            |       |       |     2 |       |       ||     2
       Trident           |       |       |    12 |       |       ||    12
       Staff             |       |       |       |    42 |     2 ||    44
       Headbutt          |       |       |       |     4 |       ||     4
       Punch             |       |       |       |     2 |       ||     2
       Peck              |       |       |       |     3 |       ||     3
       Bardiche          |       |       |       |       |     3 ||     3
 Cast: Foxfire           |    26 |     1 |    23 |       |     1 ||    51
       Scorch            |    20 |    38 |   116 |    27 |       ||   201
       Conjure Flame     |       |     1 |     5 |     4 |       ||    10
       Flame Wave        |       |       |    26 |    18 |     3 ||    47
       Inner Flame       |       |       |     5 |     3 |       ||     8
       Poisonous Vapours |       |       |     1 |     1 |       ||     2
       Portal Projectile |       |       |     1 |     3 |     1 ||     5
       Airstrike         |       |       |       |   267 |    73 ||   340
       Irradiate         |       |       |       |     7 |     7 ||    14
       Slow              |       |       |       |     1 |     1 ||     2
       Lightning Bolt    |       |       |       |       |    46 ||    46
Evoke: Wand              |       |       |       |     1 |       ||     1
  Use: Scroll            |     1 |       |    15 |    16 |     1 ||    33
       Potion            |       |       |     1 |    10 |     4 ||    15
Armor: Robe              |     2 |     1 |    29 |       |       ||    32
       Steam dragon scal |       |       |       |    18 |       ||    18
       Leather armour    |       |       |       |    68 |    26 ||    94
Dodge: Dodged            |     4 |     4 |    47 |    95 |    35 ||   185
Block: Other             |       |       |       |     1 |       ||     1
